| TOP OF THE 1ST |
|
University of Florida Gators batting - Pitching for University of Georgia Bulldogs : RHP Rich Gold
|
|
Pitching: RHP Rich Gold
|
|
|
Batting: RHB Juan Lopez
|
0-0: Ball 1-0: Swinging Strike 1-1: Swinging Strike 1-2: Ball 2-2: Strikes out swinging
|
|
Batting: RHB Ben Bailey
|
0-0: Swinging Strike 0-1: Ground out 6-3 (Groundball, 6, EV 79.4 MPH)
|
|
Batting: RHB Elliott Pye
|
0-0: Called Strike 0-1: Ball 1-1: Ball 2-1: Swinging Strike 2-2: Strikes out swinging
|
| Top of the 1st over - 0 runs, 0 hits, 0 errors, 0 left on base; University of Florida 0 - University of Georgia 0 |
| BOTTOM OF THE 1ST |
|
University of Georgia Bulldogs batting - Pitching for University of Florida Gators : RHP Jay Rudacille
|
|
Pitching: RHP Jay Rudacille
|
|
|
Batting: RHB Jeff Wornick
|
0-0: Ball 1-0: Ground out 6-3 (Groundball, 6, EV 86.9 MPH)
|
|
Batting: RHB Nate McCormick
|
0-0: Ball 1-0: SINGLE (Groundball, 34D, EV 100.0 MPH)
|
|
Batting: LHB Luis Mejia
|
0-0: Called Strike 0-1: Foul Ball, location: 2F 0-2: Foul Ball, location: 2F 0-2: Strikes out swinging
|
|
Batting: RHB Javier Alcorta
|
0-0: Ball 1-0: Foul Ball, location: 2F 1-1: Ball 2-1: Ball 3-1: Swinging Strike 3-2: Strikes out swinging
|
| Bottom of the 1st over - 0 runs, 1 hit, 0 errors, 1 left on base; University of Florida 0 - University of Georgia 0 |
| TOP OF THE 2ND |
|
University of Florida Gators batting - Pitching for University of Georgia Bulldogs : RHP Rich Gold
|
|
Batting: RHB Josh Benefield
|
0-0: Ball 1-0: Fly out, F9 (Flyball, 9, EV 90.0 MPH)
|
|
Batting: RHB Luis Cabera
|
0-0: Called Strike 0-1: Swinging Strike 0-2: Ball 1-2: Strikes out looking
|
|
Batting: RHB Robert Mason
|
0-0: Called Strike 0-1: Foul Ball, location: 2F 0-2: Single, Error in OF, E7, batter to second base (Groundball, 6, EV 96.9 MPH)
|
|
Batting: RHB Keith Kamerling
|
0-0: Foul Ball, location: 2F 0-1: Foul Ball, location: 2F 0-2: Strikes out swinging
|
| Top of the 2nd over - 0 runs, 1 hit, 1 error, 1 left on base; University of Florida 0 - University of Georgia 0 |
| BOTTOM OF THE 2ND |
|
University of Georgia Bulldogs batting - Pitching for University of Florida Gators : RHP Jay Rudacille
|
|
Batting: RHB Charlie Davison
|
0-0: Ball 1-0: Ball 2-0: Ball 3-0: Base on Balls
|
|
Batting: LHB Edwin Zavala
|
0-0: Ball 1-0: Ball 2-0: Ball 3-0: Swinging Strike 3-1: Ground out 6-3 (Groundball, 6S, EV 66.9 MPH) Charlie Davison to second
|
|
Batting: LHB Cole Sanchez
|
0-0: Ball 1-0: Ball 2-0: Ball 3-0: Called Strike 3-1: Ground out 4-3 (Groundball, 4, EV 86.2 MPH) Charlie Davison to third
|
|
Batting: RHB Pete Goerge
|
0-0: Swinging Strike 0-1: Called Strike 0-2: Foul Ball, location: 2F 0-2: Strikes out looking
|
| Bottom of the 2nd over - 0 runs, 0 hits, 0 errors, 1 left on base; University of Florida 0 - University of Georgia 0 |
| TOP OF THE 3RD |
|
University of Florida Gators batting - Pitching for University of Georgia Bulldogs : RHP Rich Gold
|
|
Batting: RHB Trent Spivey
|
0-0: Ball 1-0: Ball 2-0: Ball 3-0: Called Strike 3-1: Fly out, F8 (Flyball, 8RXD, EV 98.1 MPH)
|
|
Batting: RHB Lião Weishampt
|
0-0: SOLO HOME RUN (Flyball, 89XD, EV 105.0 MPH), Distance : 388 ft
|
|
Batting: RHB Juan Lopez
|
0-0: Called Strike 0-1: Called Strike 0-2: Foul Ball, location: 2F 0-2: DOUBLE (Line Drive, 8RXD, EV 112.5 MPH)
|
|
Batting: RHB Ben Bailey
|
0-0: Called Strike 0-1: Ball 1-1: Ball 2-1: SINGLE (Groundball, 25, EV 70.6 MPH) (infield hit) Juan Lopez to third
|
|
Batting: RHB Elliott Pye
|
0-0: Called Strike 0-1: Ball 1-1: Ball 2-1: Ball 3-1: Foul Ball, location: 2F 3-2: Foul Ball, location: 2F 3-2: Foul Ball, location: 2F 3-2: Base on Balls Ben Bailey to second
|
|
Batting: RHB Josh Benefield
|
0-0: Ball 1-0: Fielders Choice at 2nd, 4-6 (Groundball, 34, EV 108.1 MPH) Juan Lopez scores Ben Bailey to third
|
|
Batting: RHB Luis Cabera
|
0-0: Ball 1-0: Ball Wild Pitch! Ben Bailey scores Josh Benefield to second 2-0: Ball 3-0: Called Strike 3-1: Ground out 4-3 (Groundball, 4, EV 94.4 MPH)
|
| Top of the 3rd over - 3 runs, 3 hits, 0 errors, 1 left on base; University of Florida 3 - University of Georgia 0 |
| BOTTOM OF THE 3RD |
|
University of Georgia Bulldogs batting - Pitching for University of Florida Gators : RHP Jay Rudacille
|
|
Batting: LHB Milton Yeo
|
0-0: Called Strike 0-1: Swinging Strike 0-2: Strikes out swinging
|
|
Batting: RHB Jeff Wornick
|
0-0: Ground out 6-3 (Groundball, 6, EV 90.0 MPH)
|
|
Batting: RHB Nate McCormick
|
0-0: Called Strike 0-1: Ball 1-1: Fly out, F6 (Popup, P, EV 90.0 MPH)
|
| Bottom of the 3rd over - 0 runs, 0 hits, 0 errors, 0 left on base; University of Florida 3 - University of Georgia 0 |
| TOP OF THE 4TH |
|
University of Florida Gators batting - Pitching for University of Georgia Bulldogs : RHP Rich Gold
|
|
Batting: RHB Robert Mason
|
0-0: Ball 1-0: Ground out U3 (Groundball, 3L, EV 86.2 MPH)
|
|
Batting: RHB Keith Kamerling
|
0-0: Called Strike 0-1: Foul Ball, location: 2F 0-2: Ball 1-2: Strikes out swinging
|
|
Batting: RHB Trent Spivey
|
0-0: Fly out, F5 (Popup, 56, EV 64.4 MPH)
|
| Top of the 4th over - 0 runs, 0 hits, 0 errors, 0 left on base; University of Florida 3 - University of Georgia 0 |
| BOTTOM OF THE 4TH |
|
University of Georgia Bulldogs batting - Pitching for University of Florida Gators : RHP Jay Rudacille
|
|
Batting: LHB Luis Mejia
|
0-0: Called Strike 0-1: Foul Ball, location: 2F 0-2: Strikes out looking
|
|
Batting: RHB Javier Alcorta
|
0-0: Called Strike 0-1: Ball 1-1: Called Strike 1-2: Ball 2-2: Foul Ball, location: 2F 2-2: Ball 3-2: Strikes out swinging
|
|
Batting: RHB Charlie Davison
|
0-0: Called Strike 0-1: Swinging Strike 0-2: Foul Ball, location: 2F 0-2: Ball 1-2: Strikes out swinging
|
| Bottom of the 4th over - 0 runs, 0 hits, 0 errors, 0 left on base; University of Florida 3 - University of Georgia 0 |
| TOP OF THE 5TH |
|
University of Florida Gators batting - Pitching for University of Georgia Bulldogs : RHP Rich Gold
|
|
Batting: RHB Lião Weishampt
|
0-0: Swinging Strike 0-1: Foul Ball, location: 2F 0-2: Ball 1-2: Foul Ball, location: 2F 1-2: Foul Ball, location: 2F 1-2: Strikes out swinging
|
|
Batting: RHB Juan Lopez
|
0-0: Ball 1-0: Ground out 6-3 (Groundball, P, EV 84.4 MPH)
|
|
Batting: RHB Ben Bailey
|
0-0: Called Strike 0-1: Swinging Strike 0-2: Strikes out looking
|
| Top of the 5th over - 0 runs, 0 hits, 0 errors, 0 left on base; University of Florida 3 - University of Georgia 0 |
| BOTTOM OF THE 5TH |
|
University of Georgia Bulldogs batting - Pitching for University of Florida Gators : RHP Jay Rudacille
|
|
Batting: LHB Edwin Zavala
|
0-0: Ground out 6-3 (Groundball, 6, EV 104.4 MPH)
|
|
Batting: LHB Cole Sanchez
|
0-0: Ball 1-0: Reached on error, E1 (Groundball, 23, EV 67.5 MPH)
|
|
Batting: RHB Pete Goerge
|
0-0: Ball 1-0: Foul Ball, location: 2F 1-1: Swinging Strike 1-2: Foul Ball, location: 2F 1-2: Foul Ball, location: 2F 1-2: Ball 2-2: Strikes out swinging
|
|
Batting: LHB Milton Yeo
|
0-0: Ball 1-0: Fly out, F8 (Line Drive, 8LM, EV 93.8 MPH)
|
| Bottom of the 5th over - 0 runs, 0 hits, 1 error, 1 left on base; University of Florida 3 - University of Georgia 0 |
| TOP OF THE 6TH |
|
University of Florida Gators batting - Pitching for University of Georgia Bulldogs : RHP Rich Gold
|
|
Batting: RHB Elliott Pye
|
0-0: Ball 1-0: Ball 2-0: Foul Ball, location: 2F 2-1: Foul Ball, location: 2F 2-2: Foul Ball, location: 2F 2-2: Ball 3-2: Base on Balls
|
|
Pitching: LHP Andres Caceres
|
|
|
Batting: RHB Josh Benefield
|
0-0: Foul Ball, location: 2F 0-1: Fielders Choice at 2nd, 5-4 (Groundball, 56, EV 83.8 MPH)
|
|
Batting: RHB Luis Cabera
|
0-0: Called Strike 0-1: Ball 1-1: Ball 2-1: Ball 3-1: Grounds into double play, 5-4-3 (Groundball, 56S, EV 82.5 MPH)
|
| Top of the 6th over - 0 runs, 0 hits, 0 errors, 0 left on base; University of Florida 3 - University of Georgia 0 |
| BOTTOM OF THE 6TH |
|
University of Georgia Bulldogs batting - Pitching for University of Florida Gators : RHP Jay Rudacille
|
|
Batting: RHB Jeff Wornick
|
0-0: Ball 1-0: Called Strike 1-1: Foul Ball, location: 2F 1-2: Ground out 6-3 (Groundball, 6S, EV 85.6 MPH)
|
|
Batting: RHB Nate McCormick
|
0-0: Ball 1-0: Called Strike 1-1: Ground out U3 (Groundball, 3S, EV 85.6 MPH)
|
|
Batting: LHB Luis Mejia
|
0-0: Ball 1-0: Foul Ball, location: 2F 1-1: Ball 2-1: Foul Ball, location: 2F 2-2: Ball 3-2: Ground out 6-3 (Groundball, 6M, EV 79.4 MPH)
|
| Bottom of the 6th over - 0 runs, 0 hits, 0 errors, 0 left on base; University of Florida 3 - University of Georgia 0 |
| TOP OF THE 7TH |
|
University of Florida Gators batting - Pitching for University of Georgia Bulldogs : LHP Andres Caceres
|
|
Batting: RHB Robert Mason
|
0-0: Ground out 6-3 (Groundball, 6M, EV 106.9 MPH)
|
|
Batting: RHB Keith Kamerling
|
0-0: Foul Ball, location: 2F 0-1: Hit by Pitch
|
|
Batting: RHB Trent Spivey
|
0-0: Ball 1-0: Called Strike 1-1: Foul Ball, location: 2F 1-2: Grounds into double play, 5-4-3 (Groundball, 56, EV 87.5 MPH)
|
| Top of the 7th over - 0 runs, 0 hits, 0 errors, 0 left on base; University of Florida 3 - University of Georgia 0 |
| BOTTOM OF THE 7TH |
|
University of Georgia Bulldogs batting - Pitching for University of Florida Gators : RHP Jay Rudacille
|
|
Pitching: RHP Kevin Van Westen
|
|
|
Batting: RHB Javier Alcorta
|
0-0: Called Strike 0-1: Ball 1-1: Foul Ball, location: 2F 1-2: Foul Ball, location: 2F 1-2: Foul Ball, location: 2F 1-2: Ball 2-2: Fly out, F8 (Flyball, 8LM, EV 92.5 MPH)
|
|
Pinch Hitting: LHB Bryan Ross
|
0-0: SINGLE (Groundball, 4D, EV 101.2 MPH)
|
|
Batting: LHB Edwin Zavala
|
0-0: Ball Bryan Ross steals 2nd base 1-0: Foul Ball, location: 2F 1-1: Foul Ball, location: 2F 1-2: Ball 2-2: DOUBLE (Line Drive, 9LM, EV 99.4 MPH) Bryan Ross scores
|
|
Pinch Hitting: RHB Pat Svenson
|
0-0: Ball 1-0: Called Strike 1-1: Ball Wild Pitch! Edwin Zavala to third 2-1: Foul Ball, location: 2F 2-2: Foul Ball, location: 2F 2-2: Ground out U3 (Groundball, 3, EV 108.8 MPH)
|
|
Pinch Hitting: LHB Casey Bass
|
0-0: Ball 1-0: Called Strike 1-1: Ball 2-1: Ball 3-1: Base on Balls
|
|
Batting: LHB Andy Dyer
|
0-0: Ball 1-0: Ball 2-0: Foul Ball, location: 2F 2-1: Fly out, F8 (Flyball, 8RS, EV 90.0 MPH)
|
| Bottom of the 7th over - 1 run, 2 hits, 0 errors, 2 left on base; University of Florida 3 - University of Georgia 1 |
| TOP OF THE 8TH |
|
University of Florida Gators batting - Pitching for University of Georgia Bulldogs : LHP Andres Caceres
|
|
Now at 1B: Casey Bass
|
|
|
Now in LF: Bryan Ross
|
|
|
Now in RF: Pat Svenson
|
|
|
Batting: RHB Lião Weishampt
|
0-0: Called Strike 0-1: Ball 1-1: Swinging Strike 1-2: Strikes out swinging
|
|
Batting: RHB Juan Lopez
|
0-0: Ball 1-0: Called Strike 1-1: Swinging Strike 1-2: Ball 2-2: Strikes out swinging
|
|
Batting: RHB Ben Bailey
|
0-0: Called Strike 0-1: Ball 1-1: Foul Ball, location: 2F 1-2: Strikes out swinging
|
| Top of the 8th over - 0 runs, 0 hits, 0 errors, 0 left on base; University of Florida 3 - University of Georgia 1 |
| BOTTOM OF THE 8TH |
|
University of Georgia Bulldogs batting - Pitching for University of Florida Gators : RHP Kevin Van Westen
|
|
Pinch Hitting: RHB Ed Howard
|
0-0: Ball 1-0: Ball 2-0: Ball 3-0: Base on Balls
|
|
Pinch Hitting: RHB Mike McElwee
|
0-0: Ball 1-0: Fly out, F7 (Flyball, 78M, EV 90.0 MPH)
|
|
Pitching: RHP Carlos Figueroa
|
|
|
Batting: LHB Luis Mejia
|
0-0: Ball 1-0: Foul Ball, location: 2F 1-1: DOUBLE (Flyball, 78D, EV 93.8 MPH) Ed Howard to third
|
|
Batting: RHB Javier Alcorta
|
0-0: Called Strike 0-1: Foul Ball, location: 2F 0-2: Ball 1-2: Strikes out swinging
|
|
Batting: LHB Bryan Ross
|
0-0: Called Strike 0-1: SINGLE (Groundball, 56D, EV 106.2 MPH) Ed Howard scores Luis Mejia to third
|
|
Batting: LHB Edwin Zavala
|
0-0: Called Strike 0-1: Ball 1-1: Swinging Strike 1-2: Foul Ball, location: 2F 1-2: Strikes out swinging
|
| Bottom of the 8th over - 1 run, 2 hits, 0 errors, 2 left on base; University of Florida 3 - University of Georgia 2 |
| TOP OF THE 9TH |
|
University of Florida Gators batting - Pitching for University of Georgia Bulldogs : LHP Andres Caceres
|
|
Pitching: RHP Lev Rozinov
|
|
|
Now at 2B: Albert Rodriguez
|
|
|
Now at SS: James Warby
|
|
|
Batting: SHB Pat Justice
|
0-0: Called Strike 0-1: Ball 1-1: Swinging Strike 1-2: Ball 2-2: Strikes out swinging
|
|
Batting: RHB Josh Benefield
|
0-0: Fly out, F5 (Popup, 25F, EV 87.5 MPH)
|
|
Pinch Hitting: LHB Dave Newsome
|
0-0: Swinging Strike 0-1: Ball 1-1: Ball 2-1: Ball 3-1: Ground out 4-3 (Groundball, 4, EV 103.1 MPH)
|
| Top of the 9th over - 0 runs, 0 hits, 0 errors, 0 left on base; University of Florida 3 - University of Georgia 2 |
| BOTTOM OF THE 9TH |
|
University of Georgia Bulldogs batting - Pitching for University of Florida Gators : RHP Carlos Figueroa
|
|
Pitching: RHP Vespasiano Galvanoni
|
|
|
Now at 2B: Marco Morales
|
|
|
Now in LF: Keith Kamerling
|
|
|
Now in CF: Juan Cadavid
|
|
|
Batting: RHB Pat Svenson
|
0-0: Foul Ball, location: 2F 0-1: Fly out, F6 (Popup, P, EV 72.5 MPH)
|
|
Pinch Hitting: RHB Salvatore Jaime
|
0-0: Called Strike 0-1: Foul Ball, location: 2F 0-2: Ball 1-2: Strikes out swinging
|
|
Batting: LHB Andy Dyer
|
0-0: SOLO HOME RUN (Flyball, 8RXD, EV 113.8 MPH), Distance : 432 ft
|
|
Batting: RHB Albert Rodriguez
|
0-0: Foul Ball, location: 2F 0-1: Ball 1-1: Foul Ball, location: 2F 1-2: Strikes out swinging
|
| Bottom of the 9th over - 1 run, 1 hit, 0 errors, 0 left on base; University of Florida 3 - University of Georgia 3 |
| TOP OF THE 10TH |
|
University of Florida Gators batting - Pitching for University of Georgia Bulldogs : RHP Lev Rozinov
|
|
Pitching: LHP Danny Montoya
|
|
|
Now at 1B: Tony Cameron
|
|
|
Pinch Hitting: RHB Cyril Theophanous
|
0-0: Called Strike 0-1: Ball 1-1: DOUBLE (Line Drive, 3D, EV 108.1 MPH)
|
|
Pinch Hitting: SHB Nathan Clement
|
0-0: Swinging Strike 0-1: Swinging Strike 0-2: Reached on error, E5 (Groundball, 5, EV 86.2 MPH) Cyril Theophanous to third
|
|
Pinch Hitting: RHB C.J. Clifford
|
0-0: Ball 1-0: Ball 2-0: Ball 3-0: Base on Balls Nathan Clement to second
|
|
Pinch Hitting: RHB Manny Harrison
|
0-0: Called Strike 0-1: Grounds into fielders choice 1-2 (Groundball, 15S, EV 66.9 MPH) Nathan Clement to third C.J. Clifford to second
|
|
Batting: RHB Juan Lopez
|
0-0: Called Strike 0-1: Called Strike 0-2: Ball 1-2: Strikes out looking
|
|
Pinch Hitting: SHB Michael Medina
|
0-0: Fly out, F7 (Flyball, 78D, EV 87.5 MPH)
|
| Top of the 10th over - 0 runs, 1 hit, 1 error, 3 left on base; University of Florida 3 - University of Georgia 3 |
| BOTTOM OF THE 10TH |
|
University of Georgia Bulldogs batting - Pitching for University of Florida Gators : RHP Vespasiano Galvanoni
|
|
Now at C: Paul Martel
|
|
|
Now at 1B: Sumio Takahashi
|
|
|
Now at 2B: Rade Mamula
|
|
|
Now at 3B: C.J. Clifford
|
|
|
Now in LF: Juan Moreno
|
|
|
Batting: RHB James Warby
|
0-0: Called Strike 0-1: Ball 1-1: Ball 2-1: Ball 3-1: SINGLE (Flyball, 7LS, EV 98.1 MPH)
|
|
Batting: LHB Luis Mejia
|
0-0: Ball 1-0: Ball 2-0: Foul Ball, location: 2F 2-1: Foul Ball, location: 2F 2-2: Fly out, F5 (Line Drive, 5L, EV 63.1 MPH)
|
|
Batting: RHB Javier Alcorta
|
0-0: Foul Ball, location: 2F 0-1: Swinging Strike 0-2: Foul Ball, location: 2F 0-2: Ball 1-2: Ball 2-2: Ball 3-2: Foul Ball, location: 2F 3-2: Fly out, F9 (Flyball, 89M, EV 88.8 MPH)
|
|
Batting: LHB Bryan Ross
|
0-0: Called Strike 0-1: Foul Ball, location: 2F 0-2: Foul Ball, location: 2F 0-2: Ball 1-2: Fielders Choice at 2nd, 6-4 (Groundball, 6, EV 80.6 MPH)
|
| Bottom of the 10th over - 0 runs, 1 hit, 0 errors, 1 left on base; University of Florida 3 - University of Georgia 3 |
| TOP OF THE 11TH |
|
University of Florida Gators batting - Pitching for University of Georgia Bulldogs : LHP Danny Montoya
|
|
Batting: SHB Pat Justice
|
0-0: Ball 1-0: Fly out, F7 (Flyball, 78S, EV 85.0 MPH)
|
|
Batting: RHB Josh Benefield
|
0-0: Called Strike 0-1: Swinging Strike 0-2: Ball 1-2: Fly out, F3 (Line Drive, 3L, EV 65.6 MPH)
|
|
Batting: LHB Juan Cadavid
|
0-0: Called Strike 0-1: Foul Ball, location: 2F 0-2: Ball 1-2: Foul Ball, location: 2F 1-2: Ground out 3-1 (Groundball, 34, EV 101.2 MPH)
|
| Top of the 11th over - 0 runs, 0 hits, 0 errors, 0 left on base; University of Florida 3 - University of Georgia 3 |
| BOTTOM OF THE 11TH |
|
University of Georgia Bulldogs batting - Pitching for University of Florida Gators : RHP Vespasiano Galvanoni
|
|
Batting: LHB Edwin Zavala
|
0-0: Called Strike 0-1: Swinging Strike 0-2: Foul Ball, location: 2F 0-2: Foul Ball, location: 2F 0-2: Foul Ball, location: 2F 0-2: Ball 1-2: Strikes out swinging, 2-3 out at first.
|
|
Batting: RHB Pat Svenson
|
0-0: Called Strike 0-1: Ball 1-1: Ball 2-1: Ball 3-1: SINGLE (Groundball, 6, EV 98.1 MPH)
|
|
Pinch Hitting: LHB John Maitland
|
0-0: Ball 1-0: Swinging Strike 1-1: Swinging Strike 1-2: Ball 2-2: Ball 3-2: Foul Ball, location: 2F 3-2: Base on Balls Pat Svenson to second
|
|
Pitching: RHP David Villanueva
|
|
|
Batting: LHB Andy Dyer
|
0-0: Ball 1-0: Foul Ball, location: 2F 1-1: Swinging Strike 1-2: Strikes out swinging
|
|
Batting: RHB Albert Rodriguez
|
0-0: Called Strike 0-1: Ball 1-1: Foul Ball, location: 2F 1-2: Strikes out swinging, 2-3 out at first.
|
| Bottom of the 11th over - 0 runs, 1 hit, 0 errors, 2 left on base; University of Florida 3 - University of Georgia 3 |
| TOP OF THE 12TH |
|
University of Florida Gators batting - Pitching for University of Georgia Bulldogs : LHP Danny Montoya
|
|
Pitching: LHP Bill McIntyre
|
|
|
Now at 1B: Sloan Rayner
|
|
|
Batting: LHB Juan Moreno
|
0-0: Ball 1-0: Ground out 4-3 (Groundball, 4, EV 105.0 MPH)
|
|
Batting: RHB Rade Mamula
|
0-0: Ground out 4-3 (Groundball, 4, EV 83.8 MPH)
|
|
Batting: RHB C.J. Clifford
|
0-0: Foul Ball, location: 2F 0-1: Swinging Strike 0-2: Ball 1-2: Foul Ball, location: 2F 1-2: Ball 2-2: Fly out, F8 (Flyball, 8RXD, EV 105.0 MPH)
|
| Top of the 12th over - 0 runs, 0 hits, 0 errors, 0 left on base; University of Florida 3 - University of Georgia 3 |
| BOTTOM OF THE 12TH |
|
University of Georgia Bulldogs batting - Pitching for University of Florida Gators : RHP David Villanueva
|
|
Batting: RHB James Warby
|
0-0: Ground out 5-3 (Groundball, 5, EV 90.0 MPH)
|
|
Batting: LHB Luis Mejia
|
0-0: Ball 1-0: Foul Ball, location: 2F 1-1: Foul Ball, location: 2F 1-2: Ball 2-2: Ball 3-2: Foul Ball, location: 2F 3-2: Ground out 4-3 (Groundball, 4, EV 76.9 MPH)
|
|
Batting: RHB Javier Alcorta
|
0-0: Called Strike 0-1: Foul Ball, location: 2F 0-2: Foul Ball, location: 2F 0-2: Ball 1-2: Foul Ball, location: 2F 1-2: Ball 2-2: Ball 3-2: Fly out, F8 (Flyball, 78M, EV 83.8 MPH)
|
| Bottom of the 12th over - 0 runs, 0 hits, 0 errors, 0 left on base; University of Florida 3 - University of Georgia 3 |
| TOP OF THE 13TH |
|
University of Florida Gators batting - Pitching for University of Georgia Bulldogs : LHP Bill McIntyre
|
|
Pinch Hitting: RHB Jordan Diaz
|
0-0: Ball 1-0: Called Strike 1-1: Swinging Strike 1-2: Strikes out swinging
|
|
Batting: RHB Juan Lopez
|
0-0: Called Strike 0-1: Ball 1-1: Foul Ball, location: 2F 1-2: Foul Ball, location: 2F 1-2: Ground out 6-3 (Groundball, 6, EV 90.0 MPH)
|
|
Pinch Hitting: RHB Vince Trussell
|
0-0: Called Strike 0-1: Foul Ball, location: 2F 0-2: Ball 1-2: Strikes out swinging
|
| Top of the 13th over - 0 runs, 0 hits, 0 errors, 0 left on base; University of Florida 3 - University of Georgia 3 |
| BOTTOM OF THE 13TH |
|
University of Georgia Bulldogs batting - Pitching for University of Florida Gators : RHP David Villanueva
|
|
Now at C: Danny Cisneros
|
|
|
Now at 1B: Jose Garcia
|
|
|
Batting: LHB Bryan Ross
|
0-0: Foul Ball, location: 2F 0-1: Ground out 4-3 (Groundball, 4, EV 78.1 MPH)
|
|
Batting: LHB Edwin Zavala
|
0-0: Ball 1-0: Called Strike 1-1: Fly out, F9 (Flyball, 89XD, EV 93.1 MPH)
|
|
Batting: RHB Pat Svenson
|
0-0: Called Strike 0-1: Ball 1-1: Ball 2-1: Ball 3-1: Foul Ball, location: 2F 3-2: Foul Ball, location: 2F 3-2: Reached via error on a dropped throw from 1B, E1 (Groundball, 34, EV 101.9 MPH)
|
|
Pitching: LHP Jorge Guadalupe
|
|
|
Batting: LHB Sloan Rayner
|
0-0: Ball 1-0: Swinging Strike 1-1: Ball 2-1: Fly out, F8 (Line Drive, 8LM, EV 87.5 MPH)
|
| Bottom of the 13th over - 0 runs, 0 hits, 1 error, 1 left on base; University of Florida 3 - University of Georgia 3 |
| TOP OF THE 14TH |
|
University of Florida Gators batting - Pitching for University of Georgia Bulldogs : LHP Bill McIntyre
|
|
Batting: SHB Pat Justice
|
0-0: Called Strike 0-1: Foul Ball, location: 2F 0-2: Ground out 5-3 (Groundball, 5, EV 90.0 MPH)
|
|
Batting: RHB Josh Benefield
|
0-0: Ball 1-0: Foul Ball, location: 2F 1-1: Ball 2-1: Fly out, F8 (Flyball, 8RD, EV 96.2 MPH)
|
|
Batting: LHB Juan Cadavid
|
0-0: Called Strike 0-1: Foul Ball, location: 2F 0-2: Ball 1-2: Strikes out swinging
|
| Top of the 14th over - 0 runs, 0 hits, 0 errors, 0 left on base; University of Florida 3 - University of Georgia 3 |
| BOTTOM OF THE 14TH |
|
University of Georgia Bulldogs batting - Pitching for University of Florida Gators : LHP Jorge Guadalupe
|
|
Batting: LHB Andy Dyer
|
0-0: Ball 1-0: Ball 2-0: Ball 3-0: Base on Balls
|
|
Batting: RHB Albert Rodriguez
|
0-0: Bunt missed! 0-1: Bunted foul 0-2: Ball 1-2: Fly out, F8 (Line Drive, 8LM, EV 86.2 MPH)
|
|
Batting: RHB James Warby
|
0-0: Called Strike 0-1: Fielders Choice at 2nd, 6-4 (Groundball, 6S, EV 86.9 MPH)
|
|
Batting: LHB Luis Mejia
|
0-0: Called Strike 0-1: Foul Ball, location: 2F 0-2: Ball 1-2: Fly out, F9 (Flyball, 9D, EV 84.4 MPH)
|
| Bottom of the 14th over - 0 runs, 0 hits, 0 errors, 1 left on base; University of Florida 3 - University of Georgia 3 |
| TOP OF THE 15TH |
|
University of Florida Gators batting - Pitching for University of Georgia Bulldogs : LHP Bill McIntyre
|
|
Pitching: RHP Francisco Almanzar
|
|
|
Batting: LHB Juan Moreno
|
0-0: Foul Ball, location: 2F 0-1: Ball 1-1: Ball 2-1: Called Strike 2-2: Strikes out swinging
|
|
Batting: RHB Rade Mamula
|
0-0: Called Strike 0-1: Ground out U3 (Groundball, 34, EV 81.2 MPH)
|
|
Batting: RHB C.J. Clifford
|
0-0: Swinging Strike 0-1: Ball 1-1: Ball 2-1: Ball 3-1: Foul Ball, location: 2F 3-2: Strikes out looking
|
| Top of the 15th over - 0 runs, 0 hits, 0 errors, 0 left on base; University of Florida 3 - University of Georgia 3 |
| BOTTOM OF THE 15TH |
|
University of Georgia Bulldogs batting - Pitching for University of Florida Gators : LHP Jorge Guadalupe
|
|
Batting: RHB Javier Alcorta
|
0-0: Ball 1-0: Foul Ball, location: 2F 1-1: Swinging Strike 1-2: Ball 2-2: Foul Ball, location: 2F 2-2: Ball 3-2: Strikes out swinging
|
|
Batting: LHB Bryan Ross
|
0-0: Foul Ball, location: 2F 0-1: Called Strike 0-2: Strikes out looking
|
|
Batting: LHB Edwin Zavala
|
0-0: Called Strike 0-1: Foul Ball, location: 2F 0-2: Ball 1-2: Strikes out swinging
|
| Bottom of the 15th over - 0 runs, 0 hits, 0 errors, 0 left on base; University of Florida 3 - University of Georgia 3 |
| TOP OF THE 16TH |
|
University of Florida Gators batting - Pitching for University of Georgia Bulldogs : RHP Francisco Almanzar
|
|
Batting: LHB Jose Garcia
|
0-0: Called Strike 0-1: Foul Ball, location: 2F 0-2: Ball 1-2: Strikes out swinging
|
|
Batting: RHB Juan Lopez
|
0-0: Ball 1-0: Reached on error, E5 (Groundball, 56, EV 86.9 MPH)
|
|
Batting: RHB Danny Cisneros
|
0-0: Ball Wild Pitch! Juan Lopez to second 1-0: Ball 2-0: Foul Ball, location: 2F 2-1: Foul Ball, location: 2F 2-2: Foul Ball, location: 2F 2-2: Ground out U3 (Groundball, 34, EV 78.8 MPH) Juan Lopez to third
|
|
Batting: SHB Pat Justice
|
0-0: Intentional Walk
|
|
Batting: RHB Josh Benefield
|
0-0: SINGLE (Line Drive, 8RS, EV 93.1 MPH) Juan Lopez scores Pat Justice to second
|
|
Batting: LHB Juan Cadavid
|
0-0: Called Strike 0-1: Ball 1-1: Foul Ball, location: 2F 1-2: Foul Ball, location: 2F 1-2: Ball 2-2: Strikes out swinging
|
| Top of the 16th over - 1 run, 1 hit, 1 error, 2 left on base; University of Florida 4 - University of Georgia 3 |
| BOTTOM OF THE 16TH |
|
University of Georgia Bulldogs batting - Pitching for University of Florida Gators : LHP Jorge Guadalupe
|
|
Batting: RHB Pat Svenson
|
0-0: Called Strike 0-1: Ball 1-1: Ball 2-1: Swinging Strike 2-2: Foul Ball, location: 2F 2-2: SINGLE (Groundball, 6D, EV 106.2 MPH)
|
|
Batting: LHB Sloan Rayner
|
0-0: Sac Bunt to 3S - play at first, batter OUT! 3-1 Pat Svenson to second
|
|
Batting: LHB Andy Dyer
|
0-0: Ground out 1-3 (Groundball, 13S, EV 63.1 MPH) Pat Svenson to third
|
|
Batting: RHB Albert Rodriguez
|
0-0: Called Strike 0-1: Called Strike 0-2: Foul Ball, location: 2F 0-2: Ball 1-2: Ball 2-2: Ball 3-2: Base on Balls
|
|
Pitching: LHP Juan Portillo
|
|
|
Pinch Hitting: SHB Hairama Seiuli
|
0-0: Foul Ball, location: 2F 0-1: Ball 1-1: Ball 2-1: Swinging Strike 2-2: Ball 3-2: Foul Ball, location: 2F 3-2: Fly out, F9 (Flyball, 9D, EV 92.5 MPH)
|
| Bottom of the 16th over - 0 runs, 1 hit, 0 errors, 2 left on base; University of Florida 4 - University of Georgia 3 |
|